 Dungeon Crawl Stone Soup version 0.20-a0-270-g8e735b6 (webtiles) character file.

106015 Leszczynek the Bludgeoner (level 15, -16/120 HPs)
             Began as a Demonspawn Wanderer on Dec 9, 2016.
             Was a High Priest of Okawaru (penitent).
             Killed from afar by a titan (31 damage)
             ... with a bolt of lightning
             ... created by the fury of Okawaru
             ... on level 2 of the Spider Nest on Dec 10, 2016.
             The game lasted 01:55:24 (38335 turns).

Leszczynek the Bludgeoner (Demonspawn Wanderer)    Turns: 38335, Time: 01:55:26

Health: -16/120    AC: 20    Str: 16    XL:     15   Next: 96%
Magic:  0/22       EV: 17    Int: 14    God:    Okawaru [*]
Gold:   675        SH:  3    Dex: 23    Spells: 12/14 levels left

rFire  + + .     SeeInvis .     a - +3 dire flail (freeze)
rCold  . . .     Gourm    .     x - +2 fire dragon scales
rNeg   + . .     Faith    .     (shield currently unavailable)
rPois  +         Spirit   +     (helmet restricted)
rElec  .         Reflect  +     W - +2 cloak {rPois} {god gift}
rCorr  .         Harm     .     X - +2 pair of gloves {archery} {god gift}
MR     +++..                    (boots unavailable)
Stlth  ++........               s - amulet of Gugufepp {Reflect rPois SH+3}
                                E - ring of protection from magic
                                z - ring of positive energy

@: studying Throwing
A: beak, talons 3, thin skeletal structure 3, agile 1, cold resistance 1,
demonic guardian 2, magic resistance 1, magic shield
a: Renounce Religion


You were on level 2 of the Spider Nest.
You worshipped Okawaru.
Okawaru was demanding penance.
You were hungry.

You visited 6 branches of the dungeon, and saw 27 of its levels.

You collected 3004 gold pieces.
You spent 2329 gold pieces at shops.

Inventory:

Hand Weapons
 a - a +3 dire flail of freezing (weapon)
 c - a +0 blowgun
 T - a +2 great mace of venom {god gift}
Missiles
 i - 8 javelins of penetration {god gift}
 l - 6 steel javelins {god gift}
 t - a throwing net (quivered)
 u - 2 needles of confusion {god gift}
 A - 23 curare-tipped needles
 O - 4 needles of paralysis {god gift}
Armour
 x - +2 fire dragon scales (worn)
 W - a +2 cloak of poison resistance (worn) {god gift}
 X - a +2 pair of gloves of archery (worn) {god gift}
Rods
 b - a +0 iron rod (9/9)
   (You found it on level 14 of the Dungeon)
Jewellery
 s - the amulet of Gugufepp (around neck) {Reflect rPois SH+3}
   (You acquired it on level 5 of the Lair of Beasts)

   [amulet of reflection]

   It shields you and reflects attacks.
   It protects you from poison.
   It affects your SH (+3).
 z - a ring of positive energy (left hand)
 E - a ring of protection from magic (right hand)
Wands
 k - a wand of heal wounds (7/9)
 m - a wand of acid (14/15)
 C - a wand of disintegration (15/24)
 D - a wand of enslavement (13/24)
 K - a wand of acid (3/15)
 M - a wand of paralysis (0/24)
 N - a wand of teleportation (3/9)
 R - a wand of iceblast (6/15)
 Z - a wand of teleportation (3/9)
Scrolls
 e - 2 scrolls of magic mapping
 f - 4 scrolls of teleportation
 q - 4 scrolls of remove curse
 y - 4 scrolls of enchant weapon
 F - 4 scrolls of recharging
Potions
 h - 2 potions of cure mutation {!q}
 j - a potion of haste
 n - 5 potions of might
 p - 3 potions of cancellation
 r - 3 potions of curing
 w - a potion of brilliance
 B - 3 potions of magic
 G - 5 potions of flight
 J - a potion of resistance
 L - 3 potions of heal wounds
 S - 2 potions of agility
 U - a potion of lignification {!q}
Books
 P - a manual of Throwing
Miscellaneous
 v - a phial of floods (inert)
 I - a lamp of fire (inert)
 Q - a fan of gales (inert)
 Y - a box of beasts
Comestibles
 d - 10 bread rations
 g - a chunk of flesh
 o - 9 meat rations
 H - 30 fruits


   Skills:
 - Level 12.0 Fighting
 * Level 15.5 Maces & Flails
   Level 2.6 Polearms
 + Level 10.4 Throwing
 - Level 8.8 Armour
 - Level 10.0 Dodging
 - Level 1.7 Stealth
 - Level 8.1 Invocations
 + Level 10.5 Evocations


You had 12 spell levels left.
You knew the following spells:

 Your Spells              Type           Power        Failure   Level  Hunger
a - Passwall              Tmut/Erth      #.........   98%         2    ###....


Dungeon Overview and Level Annotations

Branches:
Dungeon (15/15)            Temple (1/1) D:4            Lair (6/6) D:10
 Shoals (1/4) Lair:4       Spider (2/4) Lair:3          Orc (2/2) D:9
    Elf (0/3) Orc:2        Vaults (0/5) D:13         Depths (0/5) D:15
  Slime: Lair:5-6

Altars:
Dithmenos
Elyvilon
Fedhas
Kikubaaqudgha
Makhleb
Okawaru
Sif Muna
Trog
The Shining One

Shops:
D:9 *   Orc:2 ([!:

Annotations:
D:4 ogre, ice beast, orc priest, exclusion: scorpion
D:5 exclusion: sky beast
D:6 bees!, open layout, Sigmund
D:8 Gastronok
D:9 exclusions: electric eel and 3 more exclusions
D:12 Josephine?
Lair:2 bee hive


Innate Abilities, Weirdness & Mutations

You have claws for feet.
You have an unnaturally thin skeletal structure. (Dex +6, Stealth++)
A demonic guardian rushes to your aid.
When hurt, damage is shared between your health and your magic reserves.
You have a beak for a mouth.
You are agile. (Dex +2)
Your flesh is cold resistant. (rC+)
You are resistant to hostile enchantments. (MR+)


Message History

The frost giant freezes your orange demon!
The titan casts a spell at you. The bolt of lightning hits you!
* * * LOW HITPOINT WARNING * * *
Your orange demon stings the frost giant!
Your orange demon hits the frost giant.
The frost giant gestures at you while chanting.
The bolt of cold hits your orange demon.
Your orange demon dies!
As you read the scroll of summoning, it crumbles to dust.
Wisps of shadow whirl around you...
You see here a wand of flame (?/48).
The titan hits your orb spider!!
The titan points at you and mumbles some strange words.
The bolt of lightning hits your orb spider.
Your orb spider dies!
Your orb spider's corpse dissolves into shadows!
The bolt of lightning hits your wolf spider.
The bolt of lightning hits you!
You die...

# ####### # #.#.#.###
# ##......# ###
##.....# ..#
########....#
..#####.#...##...##
...#...###...#.### ###
...###.###...#^#.##..#
#####.#.#.C...s.@...#
#.#####..C.....##.###
.C.....##./...###.<#
...C####...s†.#.#..#
.....#.........######
#..###.###......###.
####... #......###.###
^.#...
#####.##.##...##
..####
#.^....##.....^#


You could see a titan, a frost giant and 2 friendly wolf spiders.

Vanquished Creatures
  Arachne (Spider:2)
  An emperor scorpion (Spider:2)
  An entropy weaver (Lair:5)
  Snorg (Lair:5)
  5 hydras
  A hydra (shapeshifter) (D:15)
  2 catoblepae (Lair:6)
  2 centaur warriors
  7 death yaks
  A dancing weapon (Orc:2)
  A tengu warrior (D:14)
  An ogre mage (D:13)
  2 skeletal warriors
  An orange crystal statue (D:15)
  4 unseen horrors
  A wizard (D:15)
  5 hill giants
  A deep elf mage (D:15)
  A wolf spider zombie (D:15)
  A necromancer (D:15)
  3 orc sorcerers
  5 orb spiders
  3 orc knights
  9 ugly things
  11 wolf spiders
  3 cyclopes
  A moth of wrath (Spider:2)
  4 black mambas
  A torpor snail (Spider:1)
  5 manticores
  2 elephants
  Psyche (D:12)
  2 centaur zombies
  15 spiny frogs
  3 gargoyles
  4 demonic crawlers (Spider:1)
  2 kobold demonologists
  3 rime drakes
  An efreet (D:13)
  5 komodo dragons
  A polar bear (Lair:5)
  16 jumping spiders
  2 meliai (Spider:1)
  4 trolls
  A queen bee (Lair:2)
  Grinder (D:5)
  3 two-headed ogres
  10 hippogriffs
  A harpy skeleton (D:15)
  5 blink frogs
  5 dream sheep (Lair:6)
  2 centaur simulacra (D:15)
  38 redbacks
  7 wraiths
  A shadow (D:15)
  44 yaks
  7 wyverns
  10 tarantellas (Spider:1)
  8 basilisks
  A steam dragon (D:8)
  An acid dragon (D:12)
  3 wargs
  4 soldier ants (Lair:5)
  13 water moccasins
  3 ice beasts
  10 porcupines
  4 black bears
  5 phantoms
  2 sky beasts (D:9)
  2 eyes of draining
  14 ogres
  37 orc warriors
  2 necrophages
  6 wolves
  23 centaurs
  20 crocodiles
  3 big kobolds
  A wyvern zombie (D:12)
  12 bullfrogs
  A water moccasin skeleton (D:6)
  28 killer bees
  4 electric eels
  5 wights (D:12)
  4 howler monkeys (D:11)
  5 crimson imps
  2 bullfrog zombies
  6 jellies
  16 orc priests
  A gnoll shaman (D:7)
  7 centaur skeletons
  9 hounds
  20 orc wizards
  2 bullfrog skeletons
  2 iguanas
  12 worker ants
  A hell rat (Lair:2)
  13 adders
  16 gnolls
  A river rat (D:10)
  4 shadow imps
  3 oozes
  3 adder skeletons
  An adder zombie (D:8)
  5 worms
  2 dart slugs
  9 leopard geckos
  89 orcs
  5 giant cockroaches
  14 goblins
  16 hobgoblins
  23 jackals
  10 quokkas
  A ball python (D:2)
  7 bats
  3 frilled lizards
  A giant cockroach zombie (D:5)
  12 kobolds
  A leopard gecko zombie (D:8)
  14 rats
833 creatures vanquished.

Vanquished Creatures (collateral kills)
  An entropy weaver (Lair:5)
  Josephine (D:12)
  A catoblepas (Lair:6)
  A death yak (Lair:6)
  Sonja (Orc:2)
  2 skeletal warriors (D:14)
  A hill giant (D:11)
  A deep elf mage (D:15)
  An orc sorcerer (D:15)
  An ugly thing (D:14)
  A centaur zombie (D:11)
  3 elephants
  A spiny frog (Lair:6)
  A torpor snail (Spider:1)
  A jumping spider (Spider:1)
  A polar bear (Lair:4)
  2 hippogriffs
  4 redbacks (Spider:1)
  A golden eye (shapeshifter) (D:15)
  14 yaks
  An ice beast (D:7)
  3 orc warriors
  2 sky beasts
  A black bear (D:7)
  An ogre (D:8)
  A centaur (D:5)
  2 crocodiles
  2 bullfrogs
  A killer bee (Lair:2)
  3 crimson imps
  3 jellies
  3 orc wizards
  An iguana (D:10)
  A howler monkey zombie (D:9)
  A gnoll (D:10)
  2 adders
  7 orcs
  2 jackals (D:5)
  A kobold (D:11)
78 creatures vanquished.

Vanquished Creatures (others)
  A centaur (Orc:2)
  2 fungi
  13 plants
16 creatures vanquished.

Grand Total: 927 creatures vanquished

Notes
Turn   | Place    | Note
-------+----------+-------------------------------------------
     0 | D:1      | Leszczynek the Demonspawn Wanderer began the quest for the Orb.
     0 | D:1      | Leszczynek set off with: a +2 dagger, a potion of berserk rage, a potion of lignification {!q}, a bread ration, a +0 robe, a scroll of teleportation
     0 | D:1      | Reached XP level 1. HP: 16/16 MP: 1/1
     0 | D:1      | stats 9/14/14 (+1/+5/+6)
    73 | D:1      | Reached skill level 1 in Dodging
   195 | D:1      | Gained mutation: You have sharp toenails. [demonic ancestry]
   195 | D:1      | Reached XP level 2. HP: 22/22 MP: 2/2
   543 | D:1      | Reached skill level 2 in Dodging
  1070 | D:1      | Gained mutation: When hurt, damage is shared between your health and your magic reserves. [demonic ancestry]
  1070 | D:1      | Reached XP level 3. HP: 23/28 MP: 3/3
  1362 | D:2      | Reached skill level 3 in Fighting
  1670 | D:2      | the almighty worm
  1978 | D:2      | Reached XP level 4. HP: 28/35 MP: 2/4
  2103 | D:2      | Found a blossoming altar of Fedhas.
  2471 | D:2      | so it's either killing it with no HP lost
  2471 | D:2      | or having to run away after being brought down to single digits
  2911 | D:3      | Reached skill level 4 in Fighting
  3331 | D:3      | Reached skill level 2 in Maces & Flails
  4200 | D:3      | Reached skill level 3 in Maces & Flails
  4200 | D:3      | Gained mutation: A weak demonic guardian rushes to your aid. [demonic ancestry]
  4200 | D:3      | Reached XP level 5. HP: 8/42 MP: 2/5
  4738 | D:4      | Noticed a phantom
  4758 | D:4      | Killed a phantom
  4758 | D:4      | Reached skill level 4 in Maces & Flails
  4758 | D:4      | Reached XP level 6. HP: 18/48 MP: 2/6
  4968 | D:4      | Found a staircase to the Ecumenical Temple.
  4977 | Temple   | Entered the Ecumenical Temple
  5006 | Temple   | Became a worshipper of Warmaster Okawaru
  5754 | D:4      | Noticed an ice beast
  5919 | D:5      | Entered Level 5 of the Dungeon
  5973 | D:5      | Reached skill level 5 in Maces & Flails
  6373 | D:5      | Gained mutation: You have a somewhat thin skeletal structure. (Dex +2, Stealth) [demonic ancestry]
  6373 | D:5      | Reached XP level 7. HP: 33/54 MP: 3/7
  6498 | D:5      | Reached skill level 6 in Maces & Flails
  6595 | D:5      | Found a glowing drain.
  6811 | D:5      | Reached * piety under Okawaru
  6870 | D:5      | 3 centaurs already
  7059 | D:5      | Noticed Grinder
  7078 | D:5      | Killed Grinder
  7078 | D:5      | Reached skill level 7 in Maces & Flails
  7989 | D:5      | Found a bloodstained altar of Trog.
  8308 | D:5      | Reached XP level 8. HP: 42/60 MP: 4/8
  8516 | D:6      | Noticed Sigmund
  8554 | D:6      | Found a burning altar of Makhleb.
  8652 | D:6      | Reached skill level 8 in Maces & Flails
  9341 | D:7      | Gained mutation: You are resistant to hostile enchantments. (MR+) [mutagenic meat]
  9342 | D:7      | Gained mutation: You have a moderately thin skeletal structure. (Dex +4, Stealth+) [mutagenic meat]
  9343 | D:7      | Gained mutation: You are agile. (Dex +2) [mutagenic meat]
  9343 | D:7      | pretty okay
  9415 | D:7      | Identified the Grimoire of the Traveller and Enchantment
  9417 | D:7      | first spellbook i found
  9417 | D:7      | and it has ensorcelled hibernation, lesser beckoning, malign gateway and cblink
  9417 | D:7      | lol
  9417 | D:7      | pretty decent
  9710 | D:7      | Reached skill level 9 in Maces & Flails
  9790 | D:7      | Reached ** piety under Okawaru
 10331 | D:7      | Found a glowing golden altar of the Shining One.
 10486 | D:7      | Reached skill level 5 in Fighting
 10640 | D:8      | Reached skill level 6 in Fighting
 10738 | D:8      | Gained mutation: You have razor-sharp toenails. [demonic ancestry]
 10738 | D:8      | Reached XP level 9. HP: 57/69 MP: 7/9
 10792 | D:8      | Reached skill level 3 in Dodging
 11048 | D:8      | fire dragon scales
 11048 | D:8      | wew lad
 11248 | D:8      | Noticed Gastronok
 11594 | D:8      | Reached skill level 10 in Maces & Flails
 12282 | D:8      | Reached skill level 2 in Evocations
 12347 | D:9      | Found a shadowy altar of Dithmenos.
 12362 | D:9      | Noticed a troll
 12555 | D:9      | Reached skill level 3 in Evocations
 12578 | D:9      | Found Tisk's General Store.
 12596 | D:9      | Bought a scroll of teleportation for 39 gold pieces
 12596 | D:9      | Bought 2 potions of might for 104 gold pieces
 12596 | D:9      | Bought a scroll of identify for 26 gold pieces
 12610 | D:9      | Killed a troll
 12610 | D:9      | Reached *** piety under Okawaru
 12610 | D:9      | Reached skill level 4 in Evocations
 12632 | D:9      | Found a staircase to the Orcish Mines.
 13052 | D:10     | Entered Level 10 of the Dungeon
 13431 | D:10     | Reached skill level 11 in Maces & Flails
 13431 | D:10     | Reached XP level 10. HP: 58/76 MP: 9/13
 13631 | D:10     | Reached **** piety under Okawaru
 13943 | D:10     | Learned a level 2 spell: Passwall
 14112 | D:10     | Noticed a centaur warrior
 14125 | D:10     | Killed a centaur warrior
 14125 | D:10     | Reached skill level 12 in Maces & Flails
 14323 | D:10     | Reached skill level 2 in Invocations
 14337 | D:10     | Found a staircase to the Lair.
 14355 | D:10     | Reached skill level 3 in Invocations
 14932 | D:11     | Reached skill level 4 in Invocations
 14964 | D:11     | Reached skill level 5 in Invocations
 15144 | D:11     | Reached skill level 6 in Invocations
 15540 | D:11     | Reached skill level 7 in Invocations
 15563 | D:11     | Noticed a hill giant
 15584 | D:11     | Killed a hill giant
 15584 | D:11     | Reached skill level 8 in Invocations
 15584 | D:11     | Gained mutation: You have an unnaturally thin skeletal structure. (Dex +6, Stealth++) [demonic ancestry]
 15584 | D:11     | Reached XP level 11. HP: 71/81 MP: 13/17
 15696 | D:11     | Noticed a hill giant
 15709 | D:11     | Killed a hill giant
 15709 | D:11     | Reached ***** piety under Okawaru
 16262 | D:11     | Reached skill level 4 in Dodging
 16546 | D:12     | Reached skill level 5 in Evocations
 16951 | D:12     | Noticed Psyche
 16959 | D:12     | Killed Psyche
 17047 | D:12     | Reached skill level 5 in Dodging
 17112 | D:12     | Reached skill level 6 in Evocations
 17246 | D:12     | Noticed Josephine
 17285 | D:12     | Killed Josephine
 17285 | D:12     | Received a gift from Okawaru
 17401 | D:12     | Reached skill level 6 in Dodging
 17412 | D:12     | Reached skill level 7 in Fighting
 17669 | D:12     | Killed an unseen horror
 18200 | Lair:1   | Entered Level 1 of the Lair of Beasts
 18200 | Lair:1   | Noticed a seven-headed hydra
 18213 | Lair:1   | Killed a seven-headed hydra
 18213 | Lair:1   | Reached skill level 8 in Fighting
 18617 | Lair:1   | Reached skill level 7 in Dodging
 19025 | Lair:1   | Received a gift from Okawaru
 19025 | Lair:1   | Reached XP level 12. HP: 31/93 MP: 6/18
 19672 | Lair:2   | Reached skill level 8 in Dodging
 20353 | Lair:3   | Noticed a four-headed hydra
 20361 | Lair:3   | Killed a four-headed hydra
 20577 | Lair:3   | Reached skill level 13 in Maces & Flails
 20589 | Lair:3   | Received a gift from Okawaru
 20590 | Lair:3   | Got a bloodstained buckler {god gift}
 20622 | Lair:2   | Gained mutation: You are dopey. (Int -2) [potion of mutation]
 20622 | Lair:2   | Lost mutation: You are dopey. (Int -2) [potion of mutation]
 20622 | Lair:2   | Gained mutation: You are weak. (Str -2) [potion of mutation]
 21005 | Lair:3   | Found a hole to the Spider Nest.
 21425 | Lair:3   | Identified the +3 buckler of Ijir {god gift, -Tele Str+6} (Okawaru gifted it to you on level 3 of the Lair of Beasts)
 21425 | Lair:3   | >-tele
 21432 | Lair:3   | to the trash it goes
 21829 | Lair:4   | Found a staircase to the Shoals.
 22588 | Lair:4   | Reached skill level 9 in Fighting
 22701 | Lair:4   | Noticed an eight-headed hydra
 22708 | Lair:4   | Killed an eight-headed hydra
 22800 | Lair:5   | Identified a scroll of acquirement
 22801 | Lair:5   | Got a brightly glowing steel amulet
 22803 | Lair:5   | Identified the amulet of Gugufepp {Reflect rPois SH+3} (You acquired it on level 5 of the Lair of Beasts)
 22804 | Lair:5   | pretty shitty for acquirement, but i wont' complain about rpois
 22814 | Lair:5   | Reached skill level 14 in Maces & Flails
 22958 | Lair:5   | Noticed a four-headed hydra
 22967 | Lair:5   | Killed a four-headed hydra
 22967 | Lair:5   | Reached skill level 9 in Dodging
 22967 | Lair:5   | Gained mutation: A demonic guardian rushes to your aid. [demonic ancestry]
 22967 | Lair:5   | Reached XP level 13. HP: 84/101 MP: 13/19
 23097 | Lair:5   | Noticed Snorg
 23116 | Lair:5   | Killed Snorg
 23121 | Lair:5   | Received a gift from Okawaru
 23386 | Lair:5   | Noticed an entropy weaver
 23506 | Lair:6   | Entered Level 6 of the Lair of Beasts
 23568 | Lair:5   | Reached skill level 7 in Evocations
 23618 | Lair:5   | Killed an entropy weaver
 23651 | Lair:5   | Noticed an entropy weaver
 24323 | Lair:6   | Reached skill level 8 in Evocations
 24351 | Lair:6   | Received a gift from Okawaru
 24351 | Lair:6   | Reached skill level 1 in Armour
 24612 | Lair:6   | Reached skill level 2 in Armour
 24866 | Lair:6   | Reached skill level 10 in Fighting
 25071 | Lair:6   | Reached skill level 3 in Armour
 25435 | Lair:6   | Reached skill level 4 in Armour
 25455 | Lair:6   | Reached skill level 10 in Dodging
 25518 | Lair:6   | Reached skill level 5 in Armour
 25781 | Lair:6   | Reached skill level 6 in Armour
 25817 | Lair:6   | Received a gift from Okawaru
 25982 | Lair:5   | Killed an entropy weaver
 26298 | Lair:2   | Gained mutation: You have claws for feet. [demonic ancestry]
 26298 | Lair:2   | Reached XP level 14. HP: 108/110 MP: 20/20
 26302 | Lair:2   | Reached skill level 7 in Armour
 26536 | Lair:2   | Reached ****** piety under Okawaru
 26780 | Orc:1    | Entered Level 1 of the Orcish Mines
 26803 | Orc:1    | Reached skill level 8 in Armour
 27347 | Orc:2    | Entered Level 2 of the Orcish Mines
 27701 | Orc:2    | Found a staircase to the Elven Halls.
 28113 | Orc:2    | Noticed Sonja
 28117 | Orc:2    | """71%"""
 28118 | Orc:2    | Killed Sonja
 28119 | Orc:2    | 5 times resisted
 28680 | Orc:2    | Found Hibboar's Distillery.
 28680 | Orc:2    | Found Nogrun's Armour Boutique.
 28682 | Orc:2    | Found Vesaozunt's Weapon Shop.
 28684 | Orc:2    | Found Salappaw's Book Shoppe.
 28694 | Orc:2    | Bought 3 curare-tipped needles for 28 gold pieces
 28708 | Orc:2    | Bought 2 potions of curing for 84 gold pieces
 28708 | Orc:2    | Bought a potion of heal wounds for 70 gold pieces
 28708 | Orc:2    | Bought a potion of might for 56 gold pieces
 28708 | Orc:2    | Bought a potion of haste for 140 gold pieces
 28708 | Orc:2    | Bought a potion of agility for 56 gold pieces
 28708 | Orc:2    | Bought a potion of heal wounds for 70 gold pieces
 29028 | D:13     | Received a gift from Okawaru
 29257 | D:13     | Gained mutation: You have a beak for a mouth. [potion of mutation]
 29257 | D:13     | Lost mutation: You are weak. (Str -2) [potion of mutation]
 29257 | D:13     | Gained mutation: Your flesh is cold resistant. (rC+) [potion of mutation]
 29459 | D:13     | Found a gate to the Vaults.
 29924 | D:14     | Reached skill level 11 in Fighting
 30863 | D:13     | HP: 1/113 [skeletal warrior/trident (15)]
 31933 | Orc:2    | Received a gift from Okawaru
 31965 | Orc:2    | Bought a manual of Throwing for 1656 gold pieces
 32065 | D:11     | Reached skill level 1 in Throwing
 32141 | D:15     | Entered Level 15 of the Dungeon
 32206 | D:15     | Reached skill level 9 in Evocations
 32428 | D:15     | Reached skill level 2 in Throwing
 32516 | D:15     | Reached XP level 15. HP: 119/119 MP: 18/21
 32542 | D:15     | Reached skill level 3 in Throwing
 32558 | D:15     | Found a staircase to the Depths.
 32597 | D:15     | Reached skill level 4 in Throwing
 32731 | D:15     | i wonder if i was lucky or if this acquirement change isn't really up yet
 32731 | D:15     | no, it is
 32731 | D:15     | then maybe i was lucky
 33117 | D:15     | Reached skill level 5 in Throwing
 33278 | D:15     | Reached skill level 12 in Fighting
 33537 | D:15     | Reached skill level 6 in Throwing
 34061 | Spider:1 | Entered Level 1 of the Spider Nest
 34138 | Spider:1 | Reached skill level 7 in Throwing
 34284 | Spider:1 | Reached skill level 15 in Maces & Flails
 34693 | Spider:1 | Received a gift from Okawaru
 34695 | Spider:1 | Reached skill level 8 in Throwing
 34879 | Spider:1 | Received a gift from Okawaru
 34882 | Spider:1 | Reached skill level 10 in Evocations
 35096 | Spider:1 | Reached skill level 9 in Throwing
 35584 | Spider:1 | Received a gift from Okawaru
 36319 | Spider:1 | Received a gift from Okawaru
 36520 | Spider:2 | Reached skill level 10 in Throwing
 36612 | Spider:2 | Received a gift from Okawaru
 36652 | Spider:2 | Noticed Arachne
 36735 | Spider:2 | Killed Arachne
 36735 | Spider:2 | Received a gift from Okawaru
 37113 | Spider:2 | Was placed under penance by Okawaru
 37115 | Spider:2 | fucking hell
 37147 | Spider:2 | Noticed a frost giant
 37147 | Spider:2 | Noticed a titan
 37147 | Spider:2 | oh
 38156 | Shoals:1 | Entered Level 1 of the Shoals
 38325 | Spider:2 | HP: 12/120 [titan/bolt of lightning[the fury of Okawaru] (33)]
 38335 | Spider:2 | Killed from afar by a titan

Vault maps used:
D:1:      dpeg_arrival_rhombus, st_stairs_8
D:2:      fedhas_altar_1
D:3:      kennysheep_the_goblin_king, serial_bayou_pond_c
D:4:      serial_shops, shop, first_bread, kennysheep_generic_room_8
D:5:      lemuel_coloured_pillars_altar, gup_sewer_entry_bowl, kennysheep_dice,
          uniq_grinder
D:6:      grunt_temple_overflow_open, basic_altar, uniq_sigmund
D:7:      nicolae_tso_swordbearing_angel
D:8:      minmay_goldmine, uniq_gastronok
D:9:      grunt_dithmenos_smoke, orc_0_dummy, serial_shops, shop,
          blue_anna_alchemist
D:10:     dpeg_lair_monsters
D:12:     uniq_psyche, uniq_josephine
D:13:     david_vaults_2, kennysheep_cross_room
D:14:     minmay_stone_trees_small
D:15:     grunt_enter_depths_magical_seal, corexii_corridor_pit, minivault_16,
          st_stairs_6
Temple:   oiseaux_autumnal_temple
Lair:1:   lemuel_fruit_tree
Lair:2:   regret_index_combs_of_tragedy, serial_bayou_shore_a
Lair:3:   nicolae_spider_entry_orb_guardian, grunt_megastairs_4
Lair:4:   minmay_shoals_entry_beasts, beast_lair_carwin_8
Lair:5:   nicolae_slime_entry_slimehenge, wad_woods_antlair,
          infiniplex_staircase_pool, uniq_snorg
Lair:6:   evilmike_catoblepas_cave
Spider:2: uniq_aizul, uniq_arachne, uniq_nikola
Orc:2:    st_orc_rangers, uniq_sonja

Skill      XL: |  1  2  3  4  5  6  7  8  9 10 11 12 13 14 15 |
---------------+----------------------------------------------+-----
Dodging        | 1 2 3 7 9 10 | 10.0
Fighting       | 3 4 6 8 9 10 11 12 | 12.0
Maces & Flails | 3 4 5 7 9 11 12 14 15 | 15.5
Evocations     | 4 6 8 9 10 | 10.5
Invocations    | 8 |  8.1
Armour         | 6 8 |  8.8
Throwing       | 2 10 | 10.4
Polearms       | |  2.6
Stealth        | |  1.7

Action                   |  1- 3 |  4- 6 |  7- 9 | 10-12 | 13-15 || total
-------------------------+-------+-------+-------+-------+-------++-------
Melee: Dagger            |   163 |    76 |       |       |       ||   239
       Kick              |    29 |    90 |   196 |   299 |   567 ||  1181
       Mace              |       |   190 |       |       |       ||   190
       Flail             |       |    77 |   448 |       |       ||   525
       Morningstar       |       |       |    84 |   323 |       ||   407
       Punch             |       |       |     4 |     5 |       ||     9
       Dire flail        |       |       |       |   547 |  1821 ||  2368
       Peck              |       |       |       |       |   280 ||   280
 Fire: Blowgun           |       |       |       |       |     8 ||     8
Invok: Heroism           |       |       |    11 |    21 |    19 ||    51
       Finesse           |       |       |       |     1 |     3 ||     4
Evoke: Wand              |       |       |     3 |    17 |    20 ||    40
       Lamp of fire      |       |       |       |     1 |     2 ||     3
       Rod               |       |       |       |       |     1 ||     1
       Fan of gales      |       |       |       |       |     1 ||     1
       Phial of floods   |       |       |       |       |     1 ||     1
  Use: Scroll            |       |     7 |    16 |    21 |     9 ||    53
       Potion            |       |     3 |     5 |     4 |     5 ||    17
 Stab: Sleeping          |     1 |     1 |     9 |    15 |    16 ||    42
       Distracted        |       |     1 |     4 |    13 |    13 ||    31
       Paralysed         |       |       |       |     2 |       ||     2
  Eat: Chunk             |     3 |    15 |    22 |    26 |    32 ||    98
       Pizza             |       |       |     1 |     1 |     2 ||     4
       Beef jerky        |       |       |     1 |       |     1 ||     2
       Fruit             |       |       |       |     2 |    15 ||    17
       Royal jelly       |       |       |       |     1 |       ||     1
Armor: Robe              |     4 |       |       |       |       ||     4
       Ring mail         |    43 |   112 |    71 |       |       ||   226
       Skin              |       |    20 |     9 |       |       ||    29
       Fire dragon scale |       |       |   104 |   282 |   544 ||   930
Dodge: Dodged            |    78 |   203 |   283 |   412 |  1082 ||  2058
Block: Other             |       |       |       |     5 |   147 ||   152
       Reflection        |       |       |       |       |     6 ||     6
